 Dungeon Crawl Stone Soup version 0.16.1-2-g95b8d4c (console) character file.

116 gw the Shooter (level 4, 0/31 HPs)
             Began as a High Elf Hunter on Mar 25, 2015.
             Was an Initiate of Yredelemnul.
             Slain by a hobgoblin (3 damage)
             ... led by Robin
             ... on level 3 of the Dungeon.
             The game lasted 00:03:29 (3279 turns).

gw the Shooter (High Elf Hunter)                    Turns: 3279, Time: 00:03:29

Health: 0/31       AC:  6    Str: 11    XL:     4   Next: 70%
Magic:  7/7        EV: 12    Int: 15    God:    Yredelemnul [......]
Gold:   92         SH:  0    Dex: 16    Spells: 0 memorised, 3 levels left

rFire  . . .     SeeInvis .     a - +0 short sword
rCold  . . .     Clarity  .     e - +0 ring mail
rNeg   . . .     SustAb   .     (no shield)
rPois  .         Gourm    .     (no helmet)
rElec  .         Spirit   .     g - +0 cloak
rCorr  .         Warding  .     (no gloves)
rMut   .         Stasis   .     (no boots)
MR     .....                    (no amulet)
Stlth  +.........               (no ring)
                                (no ring)

@: not resistant to hostile enchantments, very unstealthy
A: no striking features
a: Renounce Religion


You were on level 3 of the Dungeon.
You worshipped Yredelemnul.
Yredelemnul was noncommittal.
You were not hungry.

You visited 1 branch of the dungeon, and saw 3 of its levels.

You collected 92 gold pieces.

Inventory:

Hand weapons
 a - a +0 short sword (weapon)
 b - a +1 shortbow
Missiles
 c - 9 arrows
Armour
 e - a +0 ring mail (worn)
 g - a +0 cloak (worn)
Potions
 h - 2 potions of curing
 j - a potion of agility
 l - a potion of magic
Comestibles
 f - 2 bread rations
 m - a meat ration


   Skills:
 + Level 3.1 Fighting
 * Level 6.7 Bows
 + Level 3.3 Dodging
 - Level 1.1 Stealth
 + Level 0.0 Invocations


You had 3 spell levels left.
You didn't know any spells.

Dungeon Overview and Level Annotations

Branches:
Dungeon (3/15)

Altars:
Nemelex Xobeh
Trog
Yredelemnul


Message History

Unknown command.
Unknown command.
Unknown command.
ATTACKING (-1,-1)
You hit the goblin.
The goblin is moderately wounded.
The goblin closely misses you.
The hobgoblin hits you but does no damage.
The goblin hits you with a club. The hobgoblin barely misses you.
The goblin closely misses you. The goblin hits you but does no damage.
Unknown command.
Unknown command.
Unknown command.
Unknown command.
ATTACKING (-1,-1)
You closely miss the goblin.
The goblin is moderately wounded.
The goblin closely misses you. The hobgoblin hits you.
You die...
Your body rises from the dead as a mindless zombie.

####### ############
.......# #.........<#
........# #.##########
...=....###.##########
......bg...)).........
.......gg###.######....
......gge###.######
..>....ggg.%......+
..###.gg....[..###
#........(..#
#........$..#
^...####...!.# ###..
##....# #.. .... #/.
...


You could see 4 hobgoblins, 6 goblins and a bat.

Table legend:
 A = Turns spent in this place as a percentage of turns spent in the entire game.
 B = Non-inter-level travel turns spent in this place as a percentage of non-inter-level travel turns spent in the entire game.
 C = Inter-level travel turns spent in this place as a percentage of turns spent in this place.
 D = Turns resting spent in this place as a percentage of non-inter-level travel turns spent in this place.
 E = Turns spent auto-exploring this place as a percentage of non-inter-level travel turns spent in this place.
 F = Non-inter-level travel turns spent in this place divided by the number of levels of this place that you've seen.
                   A       B       C       D       E      F
               +-------+-------+-------+-------+-------+----------------------
         Total | 100.0 | 100.0 |   2.3 |   0.9 |   2.3 | 1597.0
       Dungeon | 100.0 | 100.0 |   2.3 |   0.9 |   2.3 | 1597.0
               +-------+-------+-------+-------+-------+----------------------

Table legend:
 A = Kills in this place as a percentage of kills in entire the game.
 B = Kills by you in this place as a percentage of kills by you in the entire game.
 C = Kills by friends in this place as a percentage of kills by friends in the entire game.
 D = Other kills in this place as a percentage of other kills in the entire game.
 E = Experience gained in this place as a percentage of experience gained in the entire game.
 F = Experience gained in this place divided by the number of levels of this place that you have seen.
                   A       B       C       D       E      F
               +-------+-------+-------+-------+-------+----------------------
         Total | 100.0 | 100.0 |  -nan |  -nan | 100.0 |  55.7
       Dungeon | 100.0 | 100.0 |  -nan |  -nan | 100.0 |  55.7
               +-------+-------+-------+-------+-------+----------------------

Vanquished Creatures
  Robin (D:3)
  3 adders (D:2)
  3 worms (D:2)
  3 oozes
  An orc (D:3)
  15 bats
  10 hobgoblins
  3 kobolds
  A quokka (D:2)
  A ball python (D:1)
  4 giant cockroaches
  A giant newt (D:2)
  6 goblins
  A jackal (D:2)
  4 rats (D:1)
57 creatures vanquished.

Notes
Turn   | Place    | Note
--------------------------------------------------------------
     0 | D:1      | gw, the High Elf Hunter, began the quest for the Orb.
     0 | D:1      | Reached XP level 1. HP: 14/14 MP: 2/2
   136 | D:1      | Reached XP level 2. HP: 17/19 MP: 3/3
   744 | D:1      | Reached XP level 3. HP: 25/25 MP: 5/5
  1088 | D:1      | Found a bloodstained altar of Trog.
  1308 | D:2      | Reached skill level 6 in Bows
  1955 | D:2      | Reached XP level 4. HP: 30/30 MP: 7/7
  3027 | D:2      | Found a sparkling altar of Nemelex Xobeh.
  3034 | D:2      | Found a basalt altar of Yredelemnul.
  3190 | D:2      | Became a worshipper of Yredelemnul the Dark
  3263 | D:3      | Noticed Robin
  3274 | D:3      | Killed Robin
  3279 | D:3      | Slain by a hobgoblin

Action                   |  1- 3 |  4- 6 || total
-------------------------+-------+-------++-------
Melee: Short sword       |   112 |    52 ||   164
 Fire: Shortbow          |    75 |    26 ||   101
  Use: Scroll            |     2 |     2 ||     4
       Potion            |     2 |     2 ||     4
  Eat: Chunk             |     3 |     4 ||     7

Vault maps used:
D:1:      dpeg_arrival_water_altar
D:2:      kennysheep_six_static_rooms, amethyst_overflow_temple_binary
D:3:      uniq_robin, uniq_grinder, uniq_terence
